 Dungeon Crawl Stone Soup version 0.17.0-24-gcfadda4 (webtiles) character file.

25519 M4edhros the Covert (level 13, -2/81 HPs)
             Began as an Octopode Artificer on Nov 18, 2015.
             Was the Champion of Fedhas.
             Shot with a poisoned arrow by Nessos (11 damage)
             ... on level 4 of the Orcish Mines.
             The game lasted 00:49:52 (17513 turns).

M4edhros the Covert (Octopode Artificer)           Turns: 17513, Time: 00:49:52

Health: -2/81      AC:  2    Str: 10    XL:     13   Next: 20%
Magic:  18/23      EV: 21    Int: 14    God:    Fedhas [******]
Gold:   1562       SH: 15    Dex: 23    Spells: 2 memorised, 7 levels left

rFire  . . .     SeeInvis .     s - +7 greatsling "Punk" {freeze, rC+}
rCold  + . .     Clarity  .     n - +0 large shield
rNeg   . . .     SustAt   .     W - +0 hat "Haocuh" {+Blink rElec rC-} (curse)
rPois  .         Gourm    .     G - amulet of faith
rElec  +         Spirit   .     l - +5 ring of dexterity
rCorr  .         Warding  .     R - +4 ring of evasion
rMut   .         Stasis   .     (no ring)
MR     .....                    (no ring)
Stlth  ++++++++..               (no ring)
                                (no ring)
                                (no ring)
                                (no ring)

@: lethally poisoned (-2 -> -15), not resistant to hostile enchantments,
extraordinarily stealthy
A: almost no armour, amphibious, 8 rings, constrict 8, rugged brown scales 1,
camouflage 1, cold resistance 1, high mp 1, gelatinous body 1
a: Evolution, Sunlight, Growth, Reproduction, Rain, Renounce Religion, Evoke
Blink


You were on level 4 of the Orcish Mines.
You worshipped Fedhas.
Fedhas was exalted by your worship.
You were very hungry.

You visited 3 branches of the dungeon, and saw 17 of its levels.
You also visited: Sewer and Bailey.

You collected 1784 gold pieces.
You spent 222 gold pieces at shops.

Inventory:

Hand Weapons
 a - a +0 short sword
 q - a +2 whip of venom
 r - a +2 hunting sling
 s - the +7 greatsling "Punk" (weapon) {freeze, rC+}
   (You acquired it in a bailey)

   It causes projectiles fired from it to freeze those they strike, causing
   extra injury to most foes and up to half again as much damage against
   particularly susceptible opponents.
   They can also slow down cold-blooded creatures.
   It protects you from cold.
 L - a +2 rapier of venom
 M - the +11 spear of Matt {freeze, +Rage}
   (You found it in a bailey)

   It has been specially enchanted to freeze those struck by it, causing extra
   injury to most foes and up to half again as much damage against particularly
   susceptible opponents.
   It can also slow down cold-blooded creatures.
   It lets you go berserk.
Missiles
 h - 160 stones (quivered)
 t - 93 sling bullets
Armour
 n - a +0 large shield (worn)
 W - the cursed +0 hat "Haocuh" (worn) {+Blink rElec rC-}
   (You found it on level 3 of the Orcish Mines)

   It makes you vulnerable to cold.
   It insulates you from electricity.
   It lets you blink.
   It has a curse placed upon it.
 X - a +1 hat
 Y - a +2 hat
Jewellery
 l - a +5 ring of dexterity (left tentacle)
 G - an amulet of faith (around mantle)
 R - a +4 ring of evasion (right tentacle)
Wands
 b - a wand of flame (8)
 c - a wand of enslavement (5)
 d - a wand of random effects (10)
 y - a wand of teleportation (5)
 D - a wand of paralysis (14)
 F - a wand of frost (24)
 O - a wand of lightning (1)
 P - a wand of random effects (25)
 T - a wand of frost (7)
 U - a wand of magic darts (30)
Scrolls
 e - 2 scrolls of amnesia
 f - 3 scrolls of magic mapping
 j - 4 scrolls of fog
 m - 6 scrolls of teleportation
 z - 4 scrolls of fear
 C - 6 scrolls of blinking
 Q - a scroll of enchant armour
 S - a scroll of recharging
 Z - a scroll of immolation
Potions
 g - a potion of curing
 k - a potion of heal wounds
 o - 3 potions of magic
 p - 3 potions of brilliance
 u - 10 potions of flight
 B - a potion of ambrosia
 E - 2 potions of might
 H - 2 potions of cure mutation
Books
 w - a book of the Earth

   Spells                             Type                      Level
   a - Leda's Liquefaction            Hexes/Earth                  4
   b - Bolt of Magma                  Conjuration/Fire/Earth       5
   c - Statue Form                    Transmutation/Earth          6
   d - Iron Shot                      Conjuration/Earth            6
   e - Shatter                        Earth                        9
 A - Soilos's Incunabulum of Hurtful Heat
   (You found it on level 11 of the Dungeon)

   Spells                             Type                      Level
   a - Flame Tongue                   Conjuration/Fire             1
   b - Inner Flame                    Hexes/Fire                   3
   c - Delayed Fireball               Conjuration/Fire             7
 K - the Grimoire of Harmful Execration
   (You found it in a bailey)

   Spells                             Type                      Level
   a - Dazzling Spray                 Conjuration/Hexes            3
   b - Mephitic Cloud                 Conjuration/Poison/Air       3
   c - Gell's Gravitas                Hexes/Translocation          3
   d - Tukima's Dance                 Hexes                        3
   e - Discord                        Hexes                        8
 V - a book of Minor Magic

   Spells                             Type                      Level
   a - Magic Dart                     Conjuration                  1
   b - Blink                          Translocation                2
   c - Call Imp                       Summoning                    2
   d - Repel Missiles                 Charms/Air                   2
   e - Slow                           Hexes                        2
   f - Conjure Flame                  Conjuration/Fire             3
   g - Mephitic Cloud                 Conjuration/Poison/Air       3
Miscellaneous
 N - a phantom mirror
Comestibles
 i - 3 slices of pizza
 v - 2 royal jellies
 x - 8 bread rations
 I - a meat ration
 J - 3 beef jerkies


   Skills:
 + Level 3.7 Fighting
 - Level 1.0 Short Blades
 + Level 6.5 Polearms
 + Level 8.8 Slings
 + Level 8.8 Dodging
 + Level 14.1 Stealth
 + Level 7.3 Shields
 + Level 6.3 Invocations
 - Level 10.7 Evocations


You had 7 spell levels left.
You knew the following spells:

 Your Spells              Type           Power        Failure   Level  Hunger
a - Mephitic Cloud        Conj/Pois/Air  #.......     100%        3    ####...
b - Repel Missiles        Chrm/Air       #.....       100%        2    ###....


Dungeon Overview and Level Annotations

Branches:
Dungeon (12/15)            Temple (1/1) D:4            Lair (0/8) D:8
    Orc (4/4) D:12
    Elf: Orc:3-4

Altars:
Ashenzari
Cheibriados
Dithmenos
Elyvilon
Fedhas
Gozag
Kikubaaqudgha
Makhleb
Nemelex Xobeh
Okawaru
Qazlal
Ru
Sif Muna
Trog
Vehumet
Xom
Yredelemnul
Zin
The Shining One
Beogh

Shops:
D:7 [   D:12 }?   Orc:2 (   Orc:3 (   Orc:4 ?

Annotations:
D:3 1 runed door
Orc:4 exclusion: hyperactive ballistomycete, Nessos


Innate Abilities, Weirdness & Mutations

You cannot wear most types of armour.
You are amphibious.
You can wear up to eight rings at the same time.
You can use your tentacles to constrict eight enemies at once.
Your skin changes colour to match your surroundings (Stealth).
Your rubbery body absorbs attacks (AC +1).
You are partially covered in rugged brown scales (AC +1, +3% HP).
Your flesh is cold resistant.
You have an increased reservoir of magic (+10% MP).


Message History

Unknown command.
Firing (i - inventory. (,) - cycle):
h - 161 stones (quivered)
Press: ? - help, Shift-Dir - straight line, f - Nessos
Aim: Nessos, wielding a longbow of flaming and wearing a centaur barding (lightly wounded)
You shoot a stone. The stone hits Nessos.
The stone freezes Nessos.
Nessos is moderately wounded.
Nessos shoots a poisoned arrow.
The poisoned arrow hits you!! The poisoned arrow burns you!
* * * LOW HITPOINT WARNING * * *
You are poisoned.
Unknown command.
Unknown command.
Unknown command.
Drink which item? (? for menu, Esc to quit)
You feel much better.
You feel sick.
Nessos shoots a poisoned arrow.
The poisoned arrow hits you!!
* * * LOW HITPOINT WARNING * * *
The poisoned arrow burns you!
You die...
Fedhas appreciates your contribution to the ecosystem.

.......(..T..(P...
.......(..(PCO(...
........(.[Pc)).#.
........(.(.PP)$..
........(.(.P.....
.......().()......
.....(.()).).......
......)f()...$.....
#......@fP(........
#......f............
#................#..
...#..$..#...........
.. ##................
. #.....#.).........
##...#...♣....$...
..#...............
.$.......♣∩♣.......


You could see Nessos, a hill giant, an ogre (confused) and 3 friendly wandering
mushrooms.

Vanquished Creatures
  Donald (Orc:3)
  2 ogre magi (Orc:4)
  Urug (D:11)
  2 deep trolls (Orc:4)
  An unseen horror (D:10)
  2 hill giants
  2 orc knights (Orc:3)
  2 cyclopes (Orc:4)
  A komodo dragon (D:12)
  An efreet (D:10)
  9 trolls
  6 two-headed ogres (Orc:4)
  A shadow (D:12)
  A wraith (D:12)
  6 deep elf magi
  A spriggan (D:7)
  Grum (D:9)
  3 hungry ghosts
  A hippogriff (D:12)
  2 mottled dragons
  3 wolves (D:9)
  A warg (Orc:1)
  A water moccasin (D:10)
  A swamp drake (Orc:3)
  13 orc warriors
  2 phantoms
  2 sky beasts
  22 ogres
  3 centaurs
  An eye of draining (D:9)
  2 big kobolds (D:10)
  6 giant frogs
  A scorpion (D:10)
  2 water moccasin skeletons
  9 wights
  3 killer bees
  A quasit (D:7)
  A giant frog zombie (D:11)
  5 electric eels (Bailey)
  6 hounds
  3 crimson imps
  A jelly (D:7)
  Crazy Yiuf (D:6)
  10 orc priests
  7 worker ants
  4 centaur skeletons
  An iron imp (Orc:3)
  6 giant frog skeletons
  An iguana (D:6)
  14 orc wizards
  Robin (D:2)
  7 adders
  Natasha (D:3)
  7 gnolls
  3 shadow imps
  A white imp (Orc:3)
  5 oozes
  2 adder skeletons
  7 worms
  6 giant geckos
  136 orcs
  6 ball pythons
  12 bats
  8 giant cockroaches
  18 goblins
  17 hobgoblins
  10 jackals
  10 kobolds
  5 quokkas
  5 giant newts
  A jackal skeleton (D:4)
  A quokka skeleton (D:4)
  11 rats
  2 ballistomycetes (Orc:4)
  A giant spore (Bailey)
  A hyperactive ballistomycete (Orc:4)
463 creatures vanquished.

Vanquished Creatures (collateral kills)
  Fannar (D:11)
  An orc high priest (Bailey)
  A sea snake (shapeshifter) (D:10)
  The ghost of M4edhros the Covert, a novice OpAr of Okawaru (D:7)
  2 hill giants (D:11)
  2 orc knights
  An orc sorcerer (Bailey)
  A gargoyle (D:11)
  A kobold demonologist (D:11)
  A troll (D:10)
  Prince Ribbit (D:8)
  A two-headed ogre (D:11)
  A wyvern (D:8)
  Sigmund (D:4)
  A hippogriff (D:11)
  A hungry ghost (D:7)
  The ghost of Statics the Shield-Bearer, an amateur OpFi of Cheibriados (D:3)
  A warg (Orc:1)
  A wolf (D:9)
  3 wandering mushrooms
  3 ogres
  3 orc warriors
  A centaur (D:5)
  A giant frog (D:6)
  2 scorpions
  4 killer bees
  5 wights
  Jessica (D:3)
  2 giant frog skeletons
  2 hounds
  4 worker ants
  Natasha (twice) (D:3)
  4 orc priests
  5 orc wizards
  A hound skeleton (D:7)
  A hound zombie (D:5)
  2 gnolls
  A river rat (D:5)
  2 adders (D:8)
  16 orcs
  A giant cockroach (D:3)
  4 hobgoblins (Bailey)
  2 jackals (D:10)
  A goblin (Bailey)
  A fire vortex (D:9)
  2 giant spores
97 creatures vanquished.

Vanquished Creatures (others)
  A necrophage (D:10)
  An orc warrior (Bailey)
  3 worker ant zombies
  An adder (D:3)
  A worm (Sewer)
  14 wandering mushrooms
  3 ballistomycetes
  2 giant spores (Orc:4)
  446 toadstools
472 creatures vanquished.

Grand Total: 1032 creatures vanquished

Notes
Turn   | Place    | Note
--------------------------------------------------------------
     0 | D:1      | M4edhros the Octopode Artificer began the quest for the Orb.
     0 | D:1      | Reached XP level 1. HP: 13/13 MP: 3/3
   282 | D:2      | Reached XP level 2. HP: 18/18 MP: 4/4
   419 | D:4      | Found a staircase to the Ecumenical Temple.
   428 | Temple   | Entered the Ecumenical Temple
   487 | Temple   | Became a worshipper of Xom of Chaos
   512 | Temple   | Fell from the grace of Xom
   512 | Temple   | Became a worshipper of Fedhas Madash
   984 | D:2      | Reached skill level 4 in Evocations
   984 | D:2      | Reached XP level 3. HP: 23/23 MP: 4/6
  1586 | D:1      | Reached XP level 4. HP: 26/28 MP: 7/7
  1908 | D:1      | Reached * piety under Fedhas
  2151 | D:3      | Noticed Robin
  2180 | D:2      | Killed Robin
  2389 | D:3      | Noticed Jessica
  2389 | D:3      | Noticed Natasha
  2394 | D:3      | Noticed Statics's ghost (amateur OpFi)
  2402 | D:3      | Killed Natasha
  2404 | D:3      | Killed Jessica
  2404 | D:3      | Reached XP level 5. HP: 4/33 MP: 8/8
  2533 | D:3      | Found a faded altar to an unknown god.
  2562 | D:3      | Noticed Natasha
  2568 | D:3      | Killed Natasha
  2568 | D:3      | Reached skill level 5 in Stealth
  2568 | D:3      | Reached skill level 5 in Evocations
  2807 | D:3      | Found a runed door.
  2807 | D:3      | Found a glowing silver altar of Zin.
  2807 | D:3      | Noticed an angel
  2810 | D:3      | XOM: mild Conj miscast
  2921 | D:3      | Killed Natasha
  3034 | D:3      | Killed Statics's ghost
  3034 | D:3      | Reached skill level 6 in Stealth
  3034 | D:3      | Reached XP level 6. HP: 28/38 MP: 8/10
  3065 | D:4      | Noticed Sigmund
  3066 | D:4      | Killed Sigmund
  3304 | D:4      | Reached skill level 7 in Stealth
  3548 | D:4      | Found a deep blue altar of Sif Muna.
  3549 | D:4      | Found a sacrificial altar of Ru.
  3570 | D:4      | Reached XP level 7. HP: 43/43 MP: 11/11
  3580 | D:4      | Found a stormy altar of Qazlal.
  3713 | D:4      | Reached ** piety under Fedhas
  4259 | D:5      | Entered Level 5 of the Dungeon
  4490 | D:5      | Found a glowing drain.
  4646 | D:5      | Reached skill level 1 in Slings
  4646 | D:5      | Reached skill level 8 in Stealth
  4730 | Sewer    | Entered a sewer
  4927 | Sewer    | Reached *** piety under Fedhas
  4980 | Sewer    | Noticed zkyp's ghost (amateur DsSk)
  5207 | Sewer    | XOM: medium Hex miscast
  6024 | D:5      | XOM: medium Trmt miscast
  6123 | D:5      | Reached XP level 8. HP: 39/48 MP: 13/13
  6503 | D:6      | Found a burning altar of Makhleb.
  6755 | D:6      | XOM: silly message
  6765 | D:6      | Noticed Crazy Yiuf
  6773 | D:6      | Killed Crazy Yiuf
  7064 | D:7      | Reached skill level 9 in Stealth
  7066 | D:7      | Reached **** piety under Fedhas
  7076 | D:7      | Noticed M4edhros's ghost (novice OpAr)
  7099 | D:7      | Killed M4edhros's ghost
  7245 | D:7      | Reached XP level 9. HP: 34/53 MP: 15/15
  7454 | D:7      | XOM: noise
  7606 | D:7      | XOM: medium Ice miscast
  7622 | D:7      | Reached skill level 10 in Stealth
  7808 | D:7      | Gained mutation: You are partially covered in rugged brown scales (AC +1, +3% HP). [mutagenic meat]
  7809 | D:7      | Gained mutation: Your flesh is cold resistant. [mutagenic meat]
  7886 | D:7      | Found Avaepefa's Armour Boutique.
  7896 | D:7      | Bought a +0 large shield for 49 gold pieces
  8226 | D:8      | Noticed Prince Ribbit
  8235 | D:8      | Killed Prince Ribbit
  8235 | D:8      | Reached skill level 5 in Dodging
  8360 | D:8      | Found an iron altar of Okawaru.
  8549 | D:8      | Found a staircase to the Lair.
  8553 | D:8      | XOM: harmless Chrm miscast
  8561 | D:8      | Found an ancient bone altar of Kikubaaqudgha.
  8728 | D:8      | Reached skill level 5 in Slings
  8764 | D:8      | Reached skill level 1 in Shields
  9194 | D:9      | Found a flagged portal.
  9326 | D:9      | Found a sparkling altar of Nemelex Xobeh.
  9470 | D:9      | XOM: medium Erth miscast
  9507 | Bailey   | Entered a bailey
  9566 | Bailey   | XOM: noise
  9727 | Bailey   | Noticed an orc knight
  9728 | Bailey   | Found an iron altar of Okawaru.
  9728 | Bailey   | Noticed an orc sorcerer
  9728 | Bailey   | Noticed an orc high priest
  9730 | Bailey   | Noticed a smoke demon
  9730 | Bailey   | Noticed an ice devil
  9731 | Bailey   | Noticed a sixfirhy
  9744 | Bailey   | Killed an orc sorcerer
  9758 | Bailey   | Killed an orc knight
  9758 | Bailey   | Reached skill level 11 in Stealth
  9758 | Bailey   | Reached XP level 10. HP: 21/59 MP: 12/16
  9767 | Bailey   | Killed an orc high priest
 10029 | Bailey   | XOM: harmless Divn miscast
 10236 | Bailey   | XOM: harmless Summ miscast
 10284 | Bailey   | XOM: mild Summ miscast
 10714 | Bailey   | XOM: mild Air miscast
 10787 | Bailey   | Identified the Grimoire of Harmful Execration
 10804 | Bailey   | Got a steaming spear
 10964 | Bailey   | Identified the +11 spear of Matt {freeze, +Rage} (You found it in a bailey)
 11115 | D:9      | XOM: mild Fire miscast
 11144 | D:9      | Gained mutation: You have an increased reservoir of magic (+10% MP). [mutagenic meat]
 11231 | D:9      | Reached skill level 1 in Polearms
 11406 | D:9      | Noticed Grum
 11417 | D:9      | Killed Grum
 11733 | D:10     | Entered Level 10 of the Dungeon
 12146 | D:10     | Reached skill level 1 in Invocations
 12282 | D:10     | Reached skill level 12 in Stealth
 12329 | D:10     | Reached XP level 11. HP: 36/64 MP: 20/20
 12363 | D:10     | XOM: mild Fire miscast
 12488 | D:10     | Noticed a sea snake
 12507 | D:10     | Killed a sea snake
 12534 | D:10     | Noticed an orc knight
 12545 | D:10     | Killed an orc knight
 12545 | D:10     | Reached skill level 10 in Evocations
 12548 | D:10     | Noticed an unseen horror
 12554 | D:10     | Killed an unseen horror
 12945 | D:11     | Noticed Urug
 12984 | D:11     | Killed Urug
 12984 | D:11     | Reached skill level 5 in Shields
 12985 | D:11     | Noticed Fannar
 13338 | D:11     | Noticed a hill giant
 13338 | D:11     | Killed Fannar
 13343 | D:11     | Killed a hill giant
 13478 | D:11     | Identified Soilos's Incunabulum of Hurtful Heat
 13489 | D:11     | XOM: medium Ice miscast
 13501 | D:11     | Noticed a hill giant
 13507 | D:11     | Killed a hill giant
 13715 | D:11     | Noticed a hill giant
 13721 | D:11     | Killed a hill giant
 13843 | D:11     | Noticed an ice devil
 13849 | D:11     | Reached skill level 13 in Stealth
 14207 | D:11     | XOM: silly message
 14363 | D:11     | XOM: noise
 14434 | D:12     | Reached XP level 12. HP: 68/70 MP: 21/21
 14515 | D:12     | Found Xazinah's Gadget Emporium.
 14540 | D:12     | Found Jihuakhly's Magic Scroll Emporium.
 14552 | D:12     | Bought a scroll of identify for 20 gold pieces
 14553 | D:12     | Bought a scroll of fear for 35 gold pieces
 14760 | D:12     | Reached skill level 5 in Polearms
 14866 | D:12     | Found a staircase to the Orcish Mines.
 14925 | D:12     | Reached ***** piety under Fedhas
 15154 | Orc:1    | Entered Level 1 of the Orcish Mines
 15237 | Orc:1    | Found a roughly hewn altar of Beogh.
 15468 | Orc:1    | XOM: polymorph wandering mushroom -> wandering mushroom
 15627 | Orc:2    | Found Hochoph's Weapon Boutique.
 15730 | Orc:2    | Found a roughly hewn altar of Beogh.
 16030 | Orc:1    | XOM: polymorph wandering mushroom -> oklob plant
 16031 | Orc:1    | Reached ****** piety under Fedhas
 16358 | Orc:3    | Found Zyn Jira's Antique Weapon Shoppe.
 17036 | Orc:3    | Got a transparent hat
 17045 | Orc:3    | Identified the cursed +0 hat "Haocuh" {+Blink rElec rC-} (You found it on level 3 of the Orcish Mines)
 17161 | Orc:3    | Reached skill level 5 in Invocations
 17242 | Orc:3    | XOM: medium Necr miscast
 17285 | Orc:3    | Noticed Donald
 17370 | Orc:3    | Killed Donald
 17380 | Orc:3    | Learned a level 3 spell: Mephitic Cloud
 17383 | Orc:3    | Learned a level 2 spell: Repel Missiles
 17442 | Orc:4    | Entered Level 4 of the Orcish Mines
 17442 | Orc:4    | Found Muozisa's Magic Scroll Emporium.
 17449 | Orc:4    | Bought a scroll of fear for 59 gold pieces
 17449 | Orc:4    | Bought a scroll of immolation for 59 gold pieces
 17462 | Orc:4    | Noticed an ogre mage
 17476 | Orc:4    | Killed an ogre mage
 17494 | Orc:4    | Reached XP level 13. HP: 57/79 MP: 16/23
 17497 | Orc:4    | Reached skill level 14 in Stealth
 17501 | Orc:4    | Noticed an ogre mage
 17505 | Orc:4    | Killed an ogre mage
 17509 | Orc:4    | Noticed Nessos
 17513 | Orc:4    | Shot with a poisoned arrow by Nessos

Action                   |  1- 3 |  4- 6 |  7- 9 | 10-12 | 13-15 || total
-------------------------+-------+-------+-------+-------+-------++-------
Melee: Short sword       |    50 |    40 |    40 |     6 |       ||   136
       Whip              |     4 |    40 |       |       |       ||    44
       Spear             |       |       |       |   112 |       ||   112
 Fire: Hunting sling     |       |       |   478 |   121 |       ||   599
       Greatsling        |       |       |       |   614 |    17 ||   631
Invok: Evolution         |       |     3 |     6 |    13 |     1 ||    23
       Sunlight          |       |       |     4 |     3 |       ||     7
       Reproduction      |       |       |       |     3 |       ||     3
 Abil: Evoke Berserk Rag |       |       |       |     2 |       ||     2
Evoke: Wand              |     1 |     3 |    10 |    13 |       ||    27
  Use: Potion            |       |     1 |    10 |     7 |     1 ||    19
       Scroll            |       |       |    22 |     5 |       ||    27
 Stab: Sleeping          |    16 |    14 |     5 |     6 |       ||    41
       Distracted        |       |     1 |       |       |       ||     1
       Confused          |       |       |       |     1 |       ||     1
       Paralysed         |       |       |       |     1 |       ||     1
  Eat: Bread ration      |       |     1 |     1 |       |       ||     2
       Beef jerky        |       |     1 |       |       |       ||     1
       Meat ration       |       |     1 |     2 |     6 |       ||     9
       Chunk             |       |       |     3 |     1 |       ||     4
